 Dungeon Crawl Stone Soup version 0.29-a0-9-g022ca4c890 (webtiles) character file.

Game seed: 13095948142529017665

3329 dolemite99 the Tainter (level 9, 0/64 (67) HPs)
             Began as a Demonspawn Venom Mage on Jan 28, 2022.
             Was a Follower of Makhleb.
             Slain by a vampire mosquito (2 damage)
             ... on level 8 of the Dungeon.
             The game lasted 00:24:16 (18066 turns).

dolemite99 the Tainter (Demonspawn Venom Mage)     Turns: 18066, Time: 00:24:17

HP:   0/64 (67)     AC: 12    Str:  9    XL:     9   Next: 71%
MP:   4/4           EV: 13    Int: 20    God:    Makhleb [*.....]
Gold: 677           SH:  4    Dex: 14    Spells: 2/12 levels left

rFire   . . .      SeeInvis .   y - +2 hand axe of Luilip {antimagic, rCorr}
rCold   . . .      Faith    .   (no shield)
rNeg    . . .      Spirit   .   m - +0 leather armour
rPois   +          Reflect  .   t - +1 helmet
rElec   .          Harm     .   p - +1 cloak {Stlth+}
rCorr   +          Rampage  .   l - +0 pair of gloves
Will    .....                   n - +0 pair of boots
Stlth   +++.......              (no amulet)
HPRegen 0.20/turn               s - ring of poison resistance
MPRegen 0.09/turn               (no ring)

@: lightly drained
A: thin metallic scales 2, condensation shield, weakness stinger 2
a: Renounce Religion


You were on level 8 of the Dungeon.
You worshipped Makhleb.
Makhleb was aware of your devotion.
You visited 1 branch of the dungeon, and saw 8 of its levels.

You collected 789 gold pieces.
You spent 112 gold pieces at shops.

Inventory:

Hand Weapons
 b - a +0 shortbow
 g - a +0 short sword
 k - a +2 whip of freezing
 y - the +2 hand axe of Luilip (weapon) {antimagic, rCorr}
   (You found it on level 5 of the Dungeon)

   It reduces the magical energy of the wielder, and disrupts the spells and
   magical abilities of those it strikes.
   Natural abilities and divine invocations are not affected.
   rCorr:     It protects you from acid and corrosion.
Missiles
 c - 51 sling bullets
 h - 162 stones
 q - 13 poisoned darts (quivered)
 r - 25 bolts
 x - 93 arrows
Armour
 l - a +0 pair of gloves (worn)
 m - a +0 leather armour (worn)
 n - a +0 pair of boots (worn)
 p - a +1 cloak of stealth (worn)
 t - a +1 helmet (worn)
Magical Staves
 a - a staff of poison
 w - a staff of conjuration
Jewellery
 i - an amulet of faith
 j - the ring "Osaynwea" {Contam rElec rPois rN+}
   (You found it on level 2 of the Dungeon)

   [ring of poison resistance]

   rElec:     It insulates you from electricity.
   rPois:     It protects you from poison.
   rN:        It protects you from negative energy.
   Contam:    It causes magical contamination when unequipped.
 o - a ring of fire
 s - a ring of poison resistance (left hand)
 z - a ring of wizardry
Scrolls
 v - 2 scrolls of fog
 C - a scroll of identify {@r1}
 D - a scroll of magic mapping
Potions
 d - 3 potions of heal wounds {unknown}
 e - 2 potions of brilliance
 f - 2 potions of might {unknown}
 u - a potion of ambrosia {unknown}
 A - a potion of flight {unknown}
 B - 2 potions of mutation {unknown}


   Skills:
 + Level 4.9 Fighting
 + Level 4.1 Dodging
 - Level 1.7 Stealth
 - Level 2.0 Spellcasting
 - Level 5.6 Transmutations
 - Level 6.4 Air Magic
 + Level 8.2 Poison Magic


You had 2 spell levels left.
You knew the following spells:

 Your Spells              Type           Power      Damage    Failure   Level
a - Sting                 Tmut/Pois      100%       1d8       1%          1
b - Poisonous Vapours     Pois/Air       62%        N/A       1%          2
c - Olgreb's Toxic Radia  Pois           34%        N/A       8%          4
d - Mephitic Cloud        Conj/Pois/Air  21%        N/A       9%          3

Your spell library contained the following spells:

 Spells                   Type           Power      Damage    Failure   Level
 Foxfire                  Conj/Fire      8%         2x1d4     22%         1
 Ensorcelled Hibernation  Hex/Ice        4%         N/A       32%         2
 Spider Form              Tmut/Pois      29%        N/A       4%          3
 Conjure Flame            Conj/Fire      2%         6-21      54%         3
 Inner Flame              Hex/Fire       2%         N/A       54%         3
 Anguish                  Hex/Necr       1%         N/A       91%         4
 Flame Wave               Conj/Fire      2%         2d4       91%         4


Dungeon Overview and Level Annotations

Branches:
Dungeon (8/15)             Temple (0/1) D:6
   Lair: D:8-11

Altars:
Dithmenos
Gozag
Makhleb
Ru
Zin
The Shining One

Shops:
D:3 *   D:4 (


Innate Abilities, Weirdness & Mutations

You are mostly covered in thin metallic scales. (AC +3)
A meltable shield of frost defends you. (SH +4)
You have a tail ending in a sharp stinger.


Message History

The vampire mosquito draws strength from your injuries!
The vampire mosquito bites you.
The vampire mosquito draws strength from your injuries!
You closely miss the vampire mosquito.
The vampire mosquito is lightly damaged.
The vampire mosquito closely misses you.
The vampire mosquito bites you but does no damage.
The vampire mosquito barely misses you.
You barely miss the vampire mosquito.
The vampire mosquito is lightly damaged.
The vampire mosquito bites you.
* * * LOW HITPOINT WARNING * * *
The vampire mosquito draws strength from your injuries!
The vampire mosquito closely misses you.
You hit the vampire mosquito.
The vampire mosquito is lightly damaged.
You block the vampire mosquito's attack.
The vampire mosquito bites you!
* * * LOW HITPOINT WARNING * * *
The vampire mosquito draws strength from your injuries!
The vampire mosquito closely misses you.
You barely miss the vampire mosquito. You tail-slap the vampire mosquito.
The vampire mosquito is lightly damaged.
The vampire mosquito bites you but does no damage.
The vampire mosquito misses you.
You closely miss the vampire mosquito. You tail-slap the vampire mosquito.
The vampire mosquito is lightly damaged.
The vampire mosquito closely misses you. x2
You hit the vampire mosquito.
The vampire mosquito is moderately damaged.
The vampire mosquito bites you.
* * * LOW HITPOINT WARNING * * *
The vampire mosquito draws strength from your injuries!
The vampire mosquito barely misses you. The vampire mosquito bites you.
* * * LOW HITPOINT WARNING * * *
The vampire mosquito draws strength from your injuries!
You hit the vampire mosquito.
The vampire mosquito is lightly damaged.
The vampire mosquito bites you.
You die...

#..# #.......# #....# #..#
#.......# #....#
#..######.......# #....
#...............# ...
#.#############.# #y# #.#
#.........#.# #.# #.#
#......<....# #.#####
#.#####################......
#...........@yy.........#####
#######################.# #.#
#.# #.. ###


You could see 2 vampire mosquitoes.

Vanquished Creatures
  Pikel (D:3)
  A troll (D:7)
  A steam dragon (D:7)
  A water moccasin (D:7)
  Duvessa (D:4)
  2 ice beasts
  A black bear (D:7)
  A necrophage (D:6)
  An ogre (D:4)
  2 centaurs (D:8)
  A kobold brigand (D:7)
  A bullfrog (D:7)
  2 scorpions
  A wyvern skeleton (D:7)
  Dowan (D:4)
  A wight (D:6)
  6 electric eels (D:7)
  A bullfrog zombie (D:7)
  2 jellies
  A centaur zombie (D:8)
  2 hounds (D:6)
  Crazy Yiuf (D:4)
  An orc priest (D:6)
  A gnoll shaman (D:6)
  4 iguanas
  3 bullfrog skeletons
  5 orc wizards
  A howler monkey zombie (D:6)
  4 gnolls (D:6)
  13 adders
  2 river rats (D:4)
  2 worms (D:4)
  A dart slug (D:5)
  11 orcs
  10 endoplasms
  6 giant cockroaches
  5 goblins
  4 hobgoblins
  15 kobolds
  3 quokkas
  6 ball pythons
  5 bats
  5 frilled lizards
  6 rats
145 creatures vanquished.

Vanquished Creatures (collateral kills)
  A centaur zombie (D:6)
1 creature vanquished.

Vanquished Creatures (others)
  5 fungi (D:4)
  10 plants (D:7)
15 creatures vanquished.

Grand Total: 161 creatures vanquished

Notes
Turn   | Place    | Note
-------+----------+-------------------------------------------
     0 | D:1      | dolemite99 the Demonspawn Venom Mage began the quest for
                  | the Orb.
     0 | D:1      | Reached XP level 1. HP: 13/13 MP: 3/3
    26 | D:1      | Reached skill level 1 in Transmutations
   981 | D:1      | Gained mutation: You are partially covered in thin metallic
                  | scales. (AC +2) [demonic ancestry]
   981 | D:1      | Reached XP level 2. HP: 19/19 MP: 3/5
  2013 | D:1      | Found a burning altar of Makhleb.
  2019 | D:1      | Became a worshipper of Makhleb the Destroyer
  2456 | D:2      | Gained mutation: You have a small tail. [demonic ancestry]
  2456 | D:2      | Reached XP level 3. HP: 4/24 MP: 1/6
  3110 | D:2      | Identified the ring "Osaynwea" {Contam rElec rPois rN+}
  4058 | D:2      | Learned a level 2 spell: Poisonous Vapours
  4066 | D:3      | Gained mutation: A meltable shield of frost defends you.
                  | (SH +4) [demonic ancestry]
  4066 | D:3      | Reached XP level 4. HP: 19/30 MP: 0/7
  4338 | D:3      | Identified a scroll of acquirement
  4338 | D:3      | Acquired a staff of poison
  4406 | D:3      | Found a faded altar of an unknown god.
  4417 | D:3      | Reached skill level 1 in Air Magic
  4580 | D:3      | Found Yliepal's Assorted Antiques.
  4588 | D:3      | Bought a scroll labelled WEGOIXZOWIA for 28 gold pieces
  4588 | D:3      | Bought a scroll labelled OSANWI WIL OMU for 28 gold pieces
  4698 | D:3      | Learned a level 1 spell: Sting
  4806 | D:3      | Found a burning altar of Makhleb.
  4806 | D:3      | Noticed a cacodemon
  4824 | D:3      | Bought a scroll of identify for 56 gold pieces
  5183 | D:3      | Found a sacrificial altar of Ru.
  5783 | D:4      | Noticed a lemure
  5783 | D:4      | Noticed a lemure
  5784 | D:4      | Noticed Pikel
  5785 | D:4      | Noticed a lemure
  5809 | D:3      | Killed Pikel
  5810 | D:3      | Reached skill level 5 in Poison Magic
  5810 | D:3      | Reached skill level 6 in Poison Magic
  5810 | D:3      | Gained mutation: You have a tail ending in a sharp stinger.
                  | [demonic ancestry]
  5810 | D:3      | Reached XP level 5. HP: 20/35 MP: 0/8
  5810 | D:3      | Reached XP level 6. HP: 23/41 MP: 0/9
  5810 | D:3      | Reached XP level 7. HP: 26/46 MP: 0/10
  6568 | D:4      | Found Bisch's Weapon Boutique.
  7280 | D:4      | Reached * piety under Makhleb
  7408 | D:4      | Found an opulent altar of Gozag.
  7408 | D:4      | Found a shadowy altar of Dithmenos.
  7564 | D:4      | Noticed Duvessa
  7565 | D:4      | Noticed Dowan
  7597 | D:4      | Killed Duvessa
  7598 | D:4      | Reached skill level 7 in Poison Magic
  7613 | D:4      | Killed Dowan
  8389 | D:4      | Learned a level 4 spell: Olgreb's Toxic Radiance
  8400 | D:4      | Found a runed translucent door.
  8401 | D:4      | Noticed Crazy Yiuf
  8423 | D:4      | Killed Crazy Yiuf
  8552 | D:5      | Entered Level 5 of the Dungeon
  8971 | D:4      | Learned a level 3 spell: Mephitic Cloud
  9065 | D:5      | Reached XP level 8. HP: 57/57 MP: 6/11
  9071 | D:5      | Identified the +2 hand axe of Luilip {antimagic, rCorr}
 10009 | D:6      | Reached skill level 5 in Air Magic
 10725 | D:6      | Found a staircase to the Ecumenical Temple.
 11691 | D:6      | Reached skill level 5 in Transmutations
 12564 | D:7      | Gained mutation: You are mostly covered in thin metallic
                  | scales. (AC +3) [demonic ancestry]
 12564 | D:7      | Reached XP level 9. HP: 60/62 MP: 7/12
 15275 | D:7      | Noticed a troll
 16959 | D:7      | Killed a troll
 16960 | D:7      | Reached skill level 8 in Poison Magic
 18065 | D:8      | HP: 2/64 [vampire mosquito (5)]
 18066 | D:8      | Slain by a vampire mosquito

Illustrated notes

Levels and vault maps discovered:
D:1:      minmay_arrival_doors, layout_loops_ring, minmay_misc_feat_chi,
          st_stairs_11, kennysheep_flooded_box, minivault_24
D:2:      layout_basic, interstate_on_off
D:3:      layout_basic, makhleb_altar_promises_db, minitemple,
          chequers_ecumenical_altar_simple_redux, serial_shops, shop
D:4:      layout_loops_ring, mainiacjoe_overflow_large_starburst,
          portal_sewer_entry_c, serial_shops, shop_coins, uniq_pikel,
          uniq_duvessa, uniq_crazy_yiuf_cottage
D:5:      layout_loops_ring
D:6:      layout_basic, nicolae_overflow_crystal_walls,
          minmay_temple_entry_antechambers
D:7:      minmay_polygon_palace, layout_rooms, serial_bayou_lake_a
D:8:      layout_basic, serial_glass, glass_columns_c, glass_columns_a,
          lightli_minifort

Skill      XL: |  1  2  3  4  5  6  7  8  9 |
---------------+----------------------------+-----
Transmutations | 1 2 3 5 |  5.6
Air Magic      | 3 4 6 |  6.4
Poison Magic   | 6 7 8 |  8.2
Fighting       | 2 4 |  4.9
Dodging        | 4 |  4.1
Stealth        | |  1.7
Spellcasting   | |  2.0

Action                   |  1- 3 |  4- 6 |  7- 9 || total
-------------------------+-------+-------+-------++-------
Melee: Unarmed           |     4 |       |       ||     4
       Short sword       |     8 |       |    14 ||    22
       Punch             |     1 |       |     6 ||     7
       Staff             |       |     3 |    88 ||    91
       Tailslap          |       |       |    32 ||    32
       Whip              |       |       |    25 ||    25
       Hand axe          |       |       |    67 ||    67
 Fire: Shortbow          |       |       |    19 ||    19
Throw: Dart              |       |       |     6 ||     6
       Stone             |       |       |     3 ||     3
 Cast: Sting             |    67 |    31 |   148 ||   246
       Poisonous Vapours |       |     4 |    70 ||    74
       Olgreb's Toxic Ra |       |       |    14 ||    14
Evoke: Wand              |       |       |    16 ||    16
  Use: Scroll            |     1 |     8 |     8 ||    17
       Potion            |       |       |     4 ||     4
 Stab: Paralysed         |       |       |     7 ||     7
       Sleeping          |       |       |     1 ||     1
Armor: Robe              |    22 |     4 |     9 ||    35
       Leather armour    |       |       |   163 ||   163
Dodge: Dodged            |    38 |     8 |   199 ||   245
Block: Other             |       |     3 |    78 ||    81

Table legend: (Time is in decaauts)
 A = Elapsed time spent in this place.
 B = Non-inter-level travel time spent in this place.
 C = Inter-level travel time spent in this place.
 D = Time resting spent in this place.
 E = Time spent auto-exploring this place.
 F = Levels seen in this place.
 G = Mean time per level.
                   A        B        C        D        E       F      G
               +--------+--------+--------+--------+--------+-----+--------+
         Total |  18140 |  17815 |    325 |  10322 |   4924 |   8 | 2267.5 |
       Dungeon |  18140 |  17815 |    325 |  10322 |   4924 |   8 | 2267.5 |
               +--------+--------+--------+--------+--------+-----+--------+

Top non-repeatable levels by time:
     D:6: 3903 daAuts
     D:7: 3464 daAuts
     D:4: 2813 daAuts
     D:1: 2176 daAuts
     D:2: 2066 daAuts
     D:3: 1933 daAuts
     D:5: 907 daAuts
     D:8: 875 daAuts
